 Dungeon Crawl Stone Soup version 0.29.0-5-ge4962eb29e (webtiles) character file.

Game seed: 7878505292329578121

389 Ordine the Slasher (level 6, -2/38 HPs)
             Began as a Tengu Monk on Aug 28, 2022.
             Slain by an orc wizard
             ... wielding a +0 dagger of venom
              (3 damage)
             ... on level 4 of the Dungeon.
             The game lasted 00:14:20 (4095 turns).

Ordine the Slasher (Tengu Monk)                     Turns: 4095, Time: 00:14:21

Health: -2/38      AC: 10    Str: 11    XL:     6   Next: 79%
Magic:  7/7        EV: 16    Int: 11    God:
Gold:   9          SH:  0    Dex: 18    Spells: 5/5 levels left

rFire   . . .      SeeInvis .   a - +0 falchion
rCold   . . .      Faith    .   j - +0 buckler
rNeg    . . .      Spirit   .   b - +0 robe
rPois   .          Reflect  .   (helmet restricted)
rElec   .          Harm     .   q - +1 cloak
rCorr   .          Rampage  .   r - +1 pair of gloves
Will    .....                   (boots unavailable)
Stlth   +.........              (no amulet)
HPRegen 0.12/turn               p - +4 ring of protection
MPRegen 0.10/turn               (no ring)

@: confused, lethally poisoned (-2 -> -23), flying quickly and evasively, quick
A: beak, talons 3, nimble flight
a: no special abilities


You were on level 4 of the Dungeon.
You visited 1 branch of the dungeon, and saw 4 of its levels.

You collected 158 gold pieces.
You spent 149 gold pieces at shops.

Inventory:

Hand Weapons
 a - a +0 falchion (weapon)
Armour
 b - a +0 robe (worn)
 j - a +0 buckler (worn)
 n - a scarf of harm
 q - a +1 cloak (worn)
 r - a +1 pair of gloves (worn)
Jewellery
 p - a +4 ring of protection (left hand)
Scrolls
 d - a scroll of fog {unknown}
 e - a scroll of magic mapping {unknown}
 f - 2 scrolls of identify {unknown}
 g - a scroll of amnesia {unknown}
 h - 2 scrolls of teleportation {unknown}
 i - a scroll of vulnerability {unknown}
 k - 2 scrolls of poison {unknown}
 o - a scroll of noise {unknown}


   Skills:
 + Level 4.1 Fighting
 * Level 5.6 Long Blades
 - Level 0.5 Armour
 + Level 4.6 Dodging
 - Level 2.2 Stealth
 + Level 2.4 Shields


You had 5 spell levels left.
You didn't know any spells.
Your spell library contained the following spells:

 Spells                   Type           Power      Damage    Failure   Level
 Beastly Appendage        Tmut           0%         N/A       43%         1
 Wereblood                Tmut           0%         N/A       56%         2
 Inner Flame              Hex/Fire       0%         N/A       80%         3
 Spider Form              Tmut/Pois      0%         N/A       80%         3
 Cause Fear               Hex            0%         N/A       99%         4
 Discord                  Hex            0%         N/A       100%        8


Dungeon Overview and Level Annotations

Branches:
Dungeon (4/15)
 Temple: D:4-7

Altars:
Ashenzari
Makhleb
Ru
Sif Muna
Trog
The Shining One

Shops:
D:4 *


Innate Abilities, Weirdness & Mutations

You have a beak for a mouth.
You have claws for feet.
Your magical nature lets you fly swiftly and evasively.


Message History

You feel very sick.
Something hits you but does no damage. x2
You are more poisoned.
You barely miss something. You claw something.
* * * LOW HITPOINT WARNING * * *
You feel very sick. Something hits you but does no damage.
You are more poisoned.
You bump into the rock wall.
You feel less invigorated.
* * * LOW HITPOINT WARNING * * *
You feel very sick. Something hits you but does no damage.
* * * LOW HITPOINT WARNING * * *
You feel very sick.
* * * LOW HITPOINT WARNING * * *
You feel very sick. Something hits you but does no damage.
You are more poisoned.
It was a potion of heal wounds.
You feel much better.
You feel very sick. Something hits you.
You are lethally poisoned!
You bump into the rock wall.
You feel very sick.
You hear some strange, mumbled words.
A puff of flame appears from out of thin air!
The puff of flame hits you.
You miss something.
You feel less confused.
* * * LOW HITPOINT WARNING * * *
You feel very sick.
You hear some strange, mumbled words.
You are confused.
Something hits you but does no damage.
You are more poisoned.
It was a potion of magic.
Magic courses through your body.
* * * LOW HITPOINT WARNING * * *
You feel very sick. Something hits you.
You die...

#. #. #########.####
#..(.O......... #######..
#..#.......####.##........
#..#.####..# #........{..
#..#.####..#######.#
##>.#.##........@{..##.#
.)#.#.##....######.....#
##..#.##..#.#### #.###.#
##.#..........# #.# #
#.##.#..#.#..###.## #.##
#..#.#...♣...# #
#.##.#..#.#..♣.♣).##...
##.##.#......♣...♣....#
#.......####♣..∩..♣####


There were no monsters in sight!

Vanquished Creatures
  An ogre (D:4)
  An orc priest (D:4)
  A gnoll bouda (D:4)
  An iguana (D:4)
  2 orc wizards (D:4)
  7 adders
  5 gnolls (D:4)
  A worm (D:2)
  A dart slug (D:2)
  3 orcs
  6 endoplasms
  2 giant cockroaches
  7 goblins
  4 hobgoblins
  4 kobolds
  2 quokkas
  5 ball pythons
  4 bats
  A frilled lizard (D:2)
  A rat (D:1)
59 creatures vanquished.

Vanquished Creatures (others)
  A fungus (D:4)
  35 plants
36 creatures vanquished.

Grand Total: 95 creatures vanquished

Notes
Turn   | Place    | Note
-------+----------+-------------------------------------------
     0 | D:1      | Ordine the Tengu Monk began the quest for the Orb.
     0 | D:1      | Reached XP level 1. HP: 14/14 MP: 2/2
   294 | D:1      | Reached XP level 2. HP: 19/19 MP: 3/3
   427 | D:1      | Found a faded altar of an unknown god.
  1188 | D:2      | Found a burning altar of Makhleb.
  1471 | D:2      | Reached XP level 3. HP: 22/23 MP: 4/4
  2071 | D:3      | Found a glowing golden altar of the Shining One.
  2105 | D:3      | Reached skill level 4 in Long Blades
  2347 | D:3      | Reached skill level 1 in Shields
  2347 | D:3      | Reached XP level 4. HP: 28/28 MP: 5/5
  2801 | D:3      | Found a shimmering blue altar of Sif Muna.
  3043 | D:4      | Found a bloodstained altar of Trog.
  3226 | D:4      | Found a broken altar of Ashenzari.
  3239 | D:4      | Gained mutation: Your magical nature lets you fly swiftly
                  | and evasively. [Tengu growth]
  3239 | D:4      | Reached XP level 5. HP: 15/32 MP: 6/6
  3600 | D:4      | Noticed an ogre
  3626 | D:4      | Killed an ogre
  3627 | D:4      | Reached skill level 5 in Long Blades
  3627 | D:4      | Reached XP level 6. HP: 38/38 MP: 7/7
  3983 | D:4      | Found a sacrificial altar of Ru.
  4031 | D:4      | Found Pibuenyexe's General Store.
  4043 | D:4      | Bought a +1 pair of gloves for 149 gold pieces
  4095 | D:4      | HP: 1/38 [poisoned by an orc wizard]
  4095 | D:4      | Slain by an orc wizard

Illustrated notes

Levels and vault maps discovered:
D:1:      giann_bridges, layout_basic, ebering_ecumenical_altar_sacrificial,
          hangedman_abyss_or_decor_lesser_grid
D:2:      wander_river, layout_basic, basic_altar, serial_bayou_pond_c,
          minmay_curled_crystal, grunt_ministairs_7, guppyfry_early_lair_pool
D:3:      layout_rooms, mainiacjoe_overflow_swirl, serial_co_window_serial,
          co_window_paths_a, co_window_of_opportunity_a, co_window_corner_a,
          co_window_corner_a, co_window_corner_a, co_window_paths_b,
          co_window_corner_cb, co_window_broadway_a, co_window_corner_ca,
          co_window_paths_c, co_window_4corner_b, glass_columns_a,
          glass_columns_b, glass_columns_a
D:4:      layout_loops_ring, mainiacjoe_overflow_cross_hatched,
          nicolae_ru_the_path_less_chosen, bloody_trog, temple_hall,
          serial_shops, shop, nicolae_diamond_shop

Skill      XL: |  1  2  3  4  5  6 |
---------------+-------------------+-----
Long Blades    | 4 5 |  5.6
Shields        | 1 2 |  2.4
Dodging        | 4 |  4.6
Fighting       | 4 |  4.1
Armour         | |  0.5
Stealth        | |  2.2

Action                   |  1- 3 |  4- 6 || total
-------------------------+-------+-------++-------
Melee: Falchion          |    68 |   116 ||   184
       Kick              |    12 |    34 ||    46
       Peck              |     8 |    19 ||    27
  Use: Potion            |       |     3 ||     3
 Stab: Sleeping          |     2 |     5 ||     7
Armor: Robe              |    10 |    32 ||    42
Dodge: Dodged            |    52 |    50 ||   102
Block: Buckler           |     7 |    16 ||    23
